Workbook

Sheet Instructions for use
A1: Instructions
A3: On the INCOME tab enter your unit's name, charity number (if applicable) and year end date, in C1, C2 and C3 respectively . These will copy across to subsequent pages.
A5: On the INCOME tab enter all of the income for the year, starting in cell A6. Add the value into the relevant column of the sheet (for example column D for subscriptions income). In the method select the method of payment from the list. The sheet will add up the values in each column automatically and provide an overall total in cell O5. Use the reference column to record any additional information, for example if a girl is paying subscriptions in instalments, you can add in the instalment number for ease.
A7: All totals will copy across to the relevant subsequent pages.
A9: On the EXPENDITURE tab enter all of the expenditure for the year starting in cell A6. Add the value into the relevant column of the sheet (for example column F for subscriptions). In the method select the method of payment from the list. The sheet will add up the values in each column automatically and provide an overall total in cell P5. In the reference column you can add in detail about what the payment was for ease of reference or information that allows you to easily check amounts against the bank account / cash tin.
A11: In the STATEMENT OF INCOME AND PAYMENTS, the values for the current year will automatically copy for the previous sheets. Add in the values from the previous year in column D. The sheet will calculate the surplus / deficit for the year.
A13: In the STATEMENT OF BALANCES tab, add in the relevant start and end of year bank balances and the amount held in cash at the start and end of the year. Add in the value of any cheques written during the year, but not cashed at the year end. The values in B13 and B20 should be the same.
A15: In the TRUSTEES REPORT tab add in your district and division details (as relevant - delete one of the lines if you do not require both). Add in the name of the trustees (unit and assistant unit leaders), the registered address (as is registered with OSCR) and the total number of girls who have been in the unit within the year in line 25 (not necessarily all at the same time). In line 26, if your accounts vary significantly from those of the previous year, add in any reasons why this might be.
A17: In the INDEPENDENT EXAMINER tab, once the accounts have been examined, the independent examiner should add their name, address and signature.
A19: The STATEMENT OF BALANCES and TRUSTEES ANNUAL REPORT needs to be signed by the leader who prepared the accounts .
A21: 3RD PARTY FUNDRAISING: if your unit has raised money for another charity, the amount raised should be shown in the in the ‘INCOME’ tab, and the expenses/donation in the ‘EXPENDITURE’ tab. These 2 values must be the same. For example, if you hold a coffee morning for Children In Need, the money collected (i.e. £43.50) should be shown in ‘INCOME’ and £43.50 should be shown also in ‘EXPENDITURE’. This could be the whole £43.50 was donated to Children in Need, or £38 was donated to Children in Need & £5.50 was spent on tea/coffee/biscuits for the event. Please note: The money your unit receives in donations or subscriptions (whether OSCR registered or not) should be used for the unit, so should not be used to donate to other charities (i.e. rounding up the Payment to Children in Need to £50)
A23: Some things to be mindful of:
... A30: The independent examiner need not be an accountant. If you are having trouble finding someone to sign off your accounts, please speak to your commissioner in the first instance. The independent examiner should NOT be your local commissioner if she is linked at all with your unit (i.e. she is a leader within it, related to one of the leaders, is a bank signatory, or the registered contact for OSCR).

Sheet Income 
A1: Unit: | B1: NAME OF UNIT | C1: 2nd Netherlee Brownies
A2: Charity number: | B2: CHARITY NUMBER (if applicable) | C2: SCO36577
A3: Year end date: | B3: DATE | C3: 45899
A4: Date | B4: Received from | C4: Method | D4: Reference | E4: Membership subscriptions | F4: Trips | G4: Residential events | H4: 3rd Party fundraising | I4: Unit fundraising | J4: Bank interest | K4: Donations received | L4: Gift aid | M4: Grants received | N4: Miscellaneous | O4: TOTAL
A5: TOTALS | E5: =SUM(E7:E279) -> 1017 | F5: =SUM(F7:F279) -> 220 | G5: =SUM(G7:G279) -> 210 | H5: =SUM(H7:H279) -> 0 | I5: =SUM(I7:I279) -> 0 | J5: =SUM(J7:J279) -> 0 | K5: =SUM(K7:K279) -> 0 | L5: =SUM(L7:L279) -> 0 | ... N5: =SUM(N7:N279) -> 0 | O5: =SUM(E5:N5) -> 1447
A7: 45545 | B7: V Robertson | C7: Bank transfer | D7: Cassie Subs | E7: 99
A8: 45547 | B8: Jennifer Wallace | C8: Bank transfer | D8: Eva Subs | E8: 99
A9: 45548 | B9: Gabrielle MacDougal | C9: Bank transfer | D9: Florence Subs | E9: 99
A10: 45560 | B10: J McFetridge | C10: Bank transfer | D10: Anna Subs | E10: 45
A11: 45561 | B11: Fiona McCoy | C11: Bank transfer | D11: Orla and Aiofe Subs | E11: 144
A12: 45561 | B12: S Ballantyne | C12: Bank transfer | D12: Mila Subs | E12: 99
A13: 45565 | B13: K Jones | C13: Bank transfer | D13: Alexa Subs | E13: 45
A14: 41935 | B14: L Gibson | C14: Bank transfer | D14: Elena Subs | E14: 99
A15: 45602 | B15: G Fullerton | C15: Bank transfer | D15: Ruby Subs | E15: 99
A16: 45625 | B16: Boyd K | C16: Bank transfer | D16: Lesley Subs | E16: 45
A17: 45674 | B17: Linds & Joh | C17: Bank transfer | D17: Kishan Subs | E17: 99
A18: 45730 | B18: R Mellan | C18: Bank transfer | D18: Saoirse Subs | E18: 45
A19: 45730 | B19: R Mellan | C19: Bank transfer | D19: Saoirse Trip | F19: 22
A20: 45733 | B20: Cheadle T | C20: Bank transfer | D20: Ivy Trip | F20: 22
A21: 45733 | B21: K Jones | C21: Bank transfer | D21: Alexa Trip | F21: 22
A22: 45740 | B22: P Imrie | C22: Bank transfer | D22: Camille Trip | F22: 22
A23: 45740 | B23: Linds & Joh | C23: Bank transfer | D23: Kishan Trip | F23: 22
A24: 45740 | B24: L Mitchell | C24: Bank transfer | D24: Alice Trip | F24: 22
A25: 45741 | B25: Gabrielle MacDougal | C25: Bank transfer | D25: Florence Trip | F25: 22
A26: 45742 | B26: S Ballantyne | C26: Bank transfer | D26: Mila Trip | F26: 22
A27: 45743 | B27: Jennifer Wallace | C27: Bank transfer | D27: Eva Trip | F27: 22
A28: 45744 | B28: G Fullerton | C28: Bank transfer | D28: Ruby Trip | F28: 22
A29: 45775 | B29: Cheadle T | C29: Bank transfer | D29: Ivy Camp | G29: 105
A30: 45805 | B30: K Jones | C30: Bank transfer | D30: Alexa Camp | G30: 105

Sheet Expenditure
A1: Unit: | B1: 2nd Netherlee Brownies
A2: Charity number: | B2: SCO36577
A3: Year end date: | B3: 45899
A4: Date | B4: Payee | C4: Method | D4: Reference | E4: Meeting expenses | F4: Membership subscriptions | G4: Property costs and rent | H4: Unit Fundraising | I4: 3rd Party Fundraising | J4: Trips | K4: Residential events | L4: Admin, stationery / postage | M4: Training | N4: Badges and resources | O4: Miscellaneous expenditure | P4: TOTAL
A5: TOTAL | E5: =SUM(E6:E306) -> 225 | F5: =SUM(F6:F227) -> 900 | G5: =SUM(G6:G227) -> 0 | H5: =SUM(H6:H227) -> 0 | I5: =SUM(I6:I227) -> 0 | J5: =SUM(J6:J227) -> 242 | K5: =SUM(K6:K227) -> 885 | L5: =SUM(L6:L227) -> 0 | M5: =SUM(M6:M227) -> 0 | ... O5: =SUM(O6:O227) -> 0 | P5: =SUM(E5:O5) -> 2351.68
A6: 45605 | B6: Victoria Moon | C6: Bank transfer | D6: Inv-136 | E6: 225
A7: 45609 | B7: Girl Guilding East Ren | C7: Bank transfer | D7: ERD0305, depot order | N7: 99.68
A8: 45716 | B8: Vicki Robertson | C8: Bank transfer | D8: Cassie Refund of fee | F8: 45
A9: 45716 | B9: Fiona McCoy | C9: Bank transfer | D9: Orla Refund of fee | F9: 45
A10: 45719 | B10: Girl Guilding East Ren | C10: Bank transfer | D10: CC Netherlee 2 B | K10: 50
A11: 45722 | B11: Girl Guilding UK | C11: Cheque | D11: 10499 | F11: 810
A12: 45723 | B12: Girl Guilding East Ren | C12: Bank transfer | D12: CC Netherlee 1 G | K12: 625
A13: 45749 | B13: Girl Guilding East Ren | C13: Bank transfer | D13: KB Netherlee 2 B | J13: 242
A14: 45804 | B14: Kimberley Elliott | C14: Bank transfer | D14: 1stNetherleeCamp (Camp bus deposit for Ivy and Alexa) | K14: 40
A15: 45804 | B15: Girl Guilding East Ren | C15: Bank transfer | D15: CC Netherlee 2 B | K15: 170
P21: =SUM(E21:O21) -> 0
P22: =SUM(E22:O22) -> 0
P23: =SUM(E23:O23) -> 0
P24: =SUM(E24:O24) -> 0
P25: =SUM(E25:O25) -> 0
P26: =SUM(E26:O26) -> 0
P27: =SUM(E27:O27) -> 0
P28: =SUM(E28:O28) -> 0
P29: =SUM(E29:O29) -> 0
P30: =SUM(E30:O30) -> 0
P31: =SUM(E31:O31) -> 0
P32: =SUM(E32:O32) -> 0
... P67: =SUM(E67:O67) -> 0

Sheet Statment of Income & Payments
A1: Receipts and Payments Account
A3: For the Year ended | B3: ='Income '!A3 -> Year end date: | C3: 45899
A4: Unit name | B4: ='Income '!A1 -> Unit: | C4: 2nd Netherlee Brownies
A5: Charity Number | B5: ='Income '!A2 -> Charity number: | C5: SCO36577
B7: 2024 | C7: 2023 | E7: 2022
A8: Receipts
A9: Membership Subscriptions | B9: ='Income '!E5 -> 1017 | E9: 0
A10: Donations received | B10: ='Income '!K5 -> 0 | E10: 0
A11: Unit Fundraising | B11: ='Income '!I5 -> 0 | E11: 0
A12: 3rd Party Fundraising | B12: ='Income '!H5 -> 0 | E12: 0
A13: Bank Interest | B13: ='Income '!J5 -> 0 | E13: 0
A14: Gift Aid | B14: ='Income '!L5 -> 0 | E14: 0
A15: Trips | B15: ='Income '!F5 -> 220 | E15: 0
A16: Grants received | B16: ='Income '!M5 -> 0 | E16: 0
A17: Residential events | B17: ='Income '!G5 -> 210 | E17: 0
A18: Miscellaneous Income | B18: ='Income '!N5 -> 0 | E18: 0
A19: Total Receipts | B19: =SUM(B9:B18) -> 1447 | C19: =SUM(C9:C18) -> 0 | E19: =SUM(E9:E18) -> 0
A21: Payments
A22: Fundraising expenses
A23: Unit fundraising | B23: =Expenditure!H5 -> 0 | E23: 0
A24: 3rd Party Fundraising/Donation | B24: =Expenditure!I5 -> 0 | E24: 0
A26: Payments for charitable activities
A27: Subscriptions | B27: =Expenditure!F5 -> 900 | E27: 0
A28: Meeting expenses | B28: =Expenditure!E5 -> 225
A29: Property costs/rent | B29: =Expenditure!G5 -> 0 | E29: 0
A30: Trips | B30: =Expenditure!J5 -> 242 | E30: 0
A31: Residential events | B31: =Expenditure!K5 -> 885 | E31: 0
A32: Admin/Postage & Stationery | B32: =Expenditure!L5 -> 0 | E32: 0
A33: Training | B33: =Expenditure!M5 -> 0 | E33: 0
A34: Badges & Resources | B34: =Expenditure!N5 -> 99.68 | E34: 0
A35: Miscellaneous Expenditure | B35: =Expenditure!O5 -> 0 | E35: 0
A36: Total Payments | B36: =SUM(B23:B35) -> 2351.68 | C36: =SUM(C23:C35) -> 0 | E36: =SUM(E27:E35) -> 0
A38: Surplus/(Deficit) for year | B38: =SUM(B19-B36) -> -904.68 | C38: =SUM(C19-C36) -> 0 | E38: =SUM(E19-E36) -> 0

Sheet Statement of Balances
A1: Statement of balances
A3: As at | B3: 45899
A4: ='Statment of Income & Payments'!A4 -> Unit name | B4: 2nd Netherlee Brownies
A5: Charity Number: | B5: SCO36577
B7: 2024 | C7: 2023 | E7: 2022
A8: Opening Balances
A9: Cash | B9: 0 | C9: 0 | E9: 0
A10: Bank | B10: 1599.18 | C10: 521.13 | E10: 0
A12: Surplus/(Deficit) for year | B12: ='Statment of Income & Payments'!B38 -> -904.68 | C12: ='Statment of Income & Payments'!C38 -> 0 | E12: ='Statment of Income & Payments'!E38 -> 0
A13: Total | B13: =SUM(B9+B10+B12) -> 694.5 | C13: =SUM(C9+C10+C12) -> 521.13 | E13: =SUM(E9+E10+E12) -> 0
A16: Closing Balances
A17: Cash | B17: 0 | C17: 0 | E17: 0
A18: Bank | B18: 694.5 | C18: 1599.18 | E18: 0
A19: less outstanding cheques | B19: 0 | C19: 0 | E19: 0
A20: Total | B20: =SUM(B17+B18-B19) -> 694.5 | C20: =SUM(C17+C18-C19) -> 1599.18 | E20: =SUM(E17+E18-E19) -> 0
A22: Assets & Liabilities:
A23: In addition to the above cash & bank balances, the unit has equipment to the value of: | E23: 0
B25: Kimberley Elliott
A26: Prepared by (signature): _______________________________ | E26: Unit Leader
B27: 45989
A28: Date: ___________________________

Sheet Trustees Report
A1: Trustees Annual Report
B2: For the year end INSERT DATE | C2: 45899
A5: Charity (Unit) Name: | B5: ='Statment of Income & Payments'!C4 -> 2nd Netherlee Brownies | D5: 2nd Netherlee Brownies
A7: Charity Number | B7: ='Statment of Income & Payments'!C5 -> SCO36577 | C7: SC036577
A9: District | B9: East Renfrewshire
A10: Division | B10: Netherlee & Stamperland
A12: Charity Trustees | B12: Unit leader: | C12: Louise Gibson
B13: Unit / assistant leader: | C13: Kimberley Elliott
A16: Charity Address | B16: Insert address | C16: 1/1 18 Barfillan Drive
B17: City / town | C17: Glasgow
B18: Postcode | C18: G52 1AA
A21: The above charity (unit) is an unincorporated association. It has no written constitution, but operates in accordance with the policies and procedures, published by Girlguiding, the operating name of the Guide Association.
A23: Its trustees are the volunteer adult leaders trained and appointed as per the Girlguiding policies and procedures. Update training is available throughout the year.
A25: The charity's aim is to deliver a programme of informal education in accordance with the ethos and principles of Girlguiding. During the above period the charity provided this programme to X girls.
A26: The charity's main income is subscription income. The charity aims to hold sufficient cash funds to meet all expenditure due and anticipated during a 2 month period. If the accounts for the year differ substantially from those of the previous year, add in a short explanation as to why (for example, a trip or large camp).
A27: During the year the trustees did not receive any remuneration.
A29: Signed on behalf of the trustees by
B31: Kimberley Elliott | E31: 45989
A32: ____________________________ | E32: ______________
A33: Signature | E33: Date:
A36: Name: | B36: Kimberley Elliott

Sheet Ind Examiner Report
A1: Independent examiners report
A2: For the year ended | C2: 45899
A3: For | C3: 2nd Netherlee Brownies
A4: Charity number | C4: SCO36577
A6: Respective responsibilities of trustees and examiner
A7: The charity’s trustees are responsible for the preparation of the accounts in accordance with the terms of the Charities and Trustee Investment (Scotland) 2005 Act and the Charities Accounts (Scotland) Regulations 2006. The charity trustees consider that the audit requirement of Regulation 10(1) (a) to (c) of the Accounts Regulations does not apply. It is my responsibility to examine the accounts as required under section 44(1) (c) of the Act and to state whether particular matters have come to my attention.
A9: Basis of Independent Examiners Statement
A10: My examination is carried out in accordance with Regulation 11 of the Charities Accounts (Scotland) Regulations 2006. An examination includes a review of the accounting records kept by the charity and a comparison of the accounts presented with those records. It also includes consideration of any unusual items or disclosures in the accounts and seeks explanations from the trustees concerning any such matters. The procedures undertaken do not provide all the evidence that would be required in an audit and, consequently, I do not express an audit opinion on the accounts.
A12: Independent Examiners Statement
A13: In the course of my examination, no matter has come to my attention
A15: 1 | B15: which gives me reasonable cause to believe that in any material respect the requirements:
A16: • | B16: to keep accounting records in accordance with section 44(1) (a) of the 2005 Act and Regulation 4 of the 2006 Accounts Regulations, and
A17: • | B17: to prepare accounts which accord with the accounting records and comply with Regulation 9 of the 2006 Accounts Regulations
A19: have not been met, or
A21: 2 | B21: to which, in my opinion, attention should be drawn in order to enable a proper understanding of the accounts to be reached.
A25: ____________________________ | G25: ____________
A26: Signature | G26: Date
A29: Name:
A32: Address:
